 Dungeon Crawl Stone Soup version 0.26-a0-651-gb41185065b (webtiles) character file.

Game seed: 3266485015352694865

2558 Irenicus the Earth Mage (level 9, -3/68 HPs)
             Began as a Deep Dwarf Earth Elementalist on Oct 14, 2020.
             Was an Initiate of Makhleb.
             Slain by a crocodile (8 damage)
             ... on level 7 of the Dungeon.
             The game lasted 00:20:18 (3319 turns).

Irenicus the Earth Mage (DDEE)                      Turns: 3319, Time: 00:20:19

Health: -3/68      AC:  7    Str: 16      XL:     9   Next: 31%
Magic:  2/13       EV: 11    Int: 18      God:    Makhleb [......]
Gold:   325        SH:  0    Dex: 17 (19) Spells: 11/14 levels left

rFire    . . .     SeeInvis .   n - staff of cold {rC+}
rCold    + . .     Faith    .   (no shield)
rNeg     . . .     Spirit   .   a - +0 ring mail
rPois    +         Reflect  .   (no helmet)
rElec    .         Harm     .   v - +0 cloak
rCorr    .         Rampage  .   (no gloves)
MR       +....                  q - +0 pair of boots
Stlth    ++........             (no amulet)
HPRegen  0.00/turn              d - ring of Xuwofal {Str+3 Dex+6}
MPRegen  0.13/turn              k - ring of poison resistance {rPois, !d}

@: non-regenerating, lightly drained
A: damage resistance, heal wounds, sense surroundings 2, no regeneration
a: Heal Wounds, Renounce Religion


You were on level 7 of the Dungeon.
You worshipped Makhleb.
Makhleb was noncommittal.
You visited 2 branches of the dungeon, and saw 8 of its levels.

You collected 325 gold pieces.

Inventory:

Hand Weapons
 g - a +0 club
   (You took it off a kobold on level 1 of the Dungeon)
Missiles
 b - 92 stones (quivered)
Armour
 a - a +0 ring mail (worn)
   (You found it on level 1 of the Dungeon)
 c - a +0 robe
 p - a +0 buckler
   (You found it on level 5 of the Dungeon)
 q - a +0 pair of boots (worn)
   (You found it on level 3 of the Dungeon)
 v - a +0 cloak (worn)
   (You found it on level 5 of the Dungeon)
Magical Staves
 n - an uncursed staff of cold (weapon) {rC+}
   (You found it on level 2 of the Dungeon)
Jewellery
 d - the ring of Xuwofal (left hand) {Str+3 Dex+6}
   (You found it on level 6 of the Dungeon)

   [ring of dexterity]

   It affects your strength (+3).
   It affects your dexterity (+6).
 k - a ring of poison resistance (right hand) {rPois, !d}
   (You found it on level 2 of the Dungeon)
Wands
 w - a wand of paralysis (5)
   (You found it on level 5 of the Dungeon)
Scrolls
 e - 4 scrolls of identify
 h - a scroll of remove curse
 m - 5 scrolls of teleportation
 o - a scroll of fog {unknown}
 t - a scroll of brand weapon {unknown}
 u - a scroll of magic mapping {!r}
Potions
 f - 4 potions of curing
 i - a potion of mutation {!q}
 j - 2 potions of haste
 l - 2 potions of resistance
 r - a potion of magic
 s - 2 potions of lignification {!q}


   Skills:
 - Level 2.1(1.8) Dodging
 - Level 2.4(2.1) Stealth
 + Level 3.1(2.7) Spellcasting
 - Level 0.8(0.5) Transmutations
 - Level 15.4(14.9) Earth Magic


You had 11 spell levels left.
You knew the following spells:

 Your Spells              Type           Power        Failure   Level
a - Sandblast             Erth           ######       1%          1
w - Passwall              Tmut/Erth      ####....     1%          2

Your spell library contained the following spells:

 Spells                   Type           Power        Failure   Level
 Lee's Rapid Deconstruct  Erth           ######....   1%          5
 Stone Arrow              Conj/Erth      ####..       4%          3
 Petrify                  Tmut/Erth      ####....     13%         4


Dungeon Overview and Level Annotations

Branches:
Dungeon (7/15)             Temple (1/1) D:6

Altars:
Ashenzari
Elyvilon
Gozag
Makhleb
Nemelex Xobeh
Uskayaw
Wu Jian
Xom
Yredelemnul
Zin
The Shining One

Annotations:
D:6 1 transporter, Arnot's ghost, novice GrFi
D:7 Maggie


Innate Abilities, Weirdness & Mutations

You are resistant to damage.
You can heal yourself by infusing magical energy.
You passively map the area around you.
You do not regenerate.


Message History

Makhleb accepts your kill.
b - 99 stones You now have 1/13 mp.
Casting: Sandblast (safe; 1% risk of failure)
Confirm with . or Enter, or press ? or * to list all spells.
Aiming: Sandblast (safe; 1% risk of failure)
Press: ? - help, Shift-Dir - straight line, f - wight
Aim: a wight, wielding a +2 spear and wearing a +0 robe The blast of sand hits the wight!
The wight is heavily damaged.
b - 98 stones The wight closely misses you.
You now have 1/13 mp.
Casting: Sandblast (safe; 1% risk of failure)
Confirm with . or Enter, or press ? or * to list all spells.
Aiming: Sandblast (safe; 1% risk of failure)
Press: ? - help, Shift-Dir - straight line, f/p - wight
Aim: a wight, wielding a +2 spear and wearing a +0 robe (heavily damaged)
The blast of sand hits the wight!
The wight is almost destroyed.
b - 97 stones The wight hits you but does no damage.
You now have 0/13 mp.
The wight hits you from afar with a +2 spear.
Casting: Sandblast (safe; 1% risk of failure)
Confirm with . or Enter, or press ? or * to list all spells.
Aiming: Sandblast (safe; 1% risk of failure)
Press: ? - help, Shift-Dir - straight line, f/p - wight
Aim: a wight, wielding a +2 spear and wearing a +0 robe (almost destroyed)
The blast of sand hits the wight.
You destroy the wight!
Makhleb accepts your kill.
b - 96 stones You now have 0/13 mp.
Casting: Sandblast (safe; 1% risk of failure)
Confirm with . or Enter, or press ? or * to list all spells.
Aiming: Sandblast (safe; 1% risk of failure)
Press: ? - help, Shift-Dir - straight line, f - wight
Aim: a wight, wielding a +0 trident and wearing a +0 robe The blast of sand misses the wight.
b - 95 stones
Casting: Sandblast (safe; 1% risk of failure)
Confirm with . or Enter, or press ? or * to list all spells.
Aiming: Sandblast (safe; 1% risk of failure)
Press: ? - help, Shift-Dir - straight line, f/p - wight
Aim: a wight, wielding a +0 trident and wearing a +0 robe The blast of sand hits the wight.
The wight is lightly damaged.
b - 94 stones The wight hits you but does no damage.
You now have 0/13 mp.
A crocodile comes into view.
Casting: Sandblast (safe; 1% risk of failure)
Confirm with . or Enter, or press ? or * to list all spells.
Aiming: Sandblast (safe; 1% risk of failure)
Press: ? - help, Shift-Dir - straight line, f/p - wight
Aim: a wight, wielding a +0 trident and wearing a +0 robe (lightly damaged)
The blast of sand hits the wight but does no damage.
The wight is lightly damaged.
b - 93 stones You now have 0/13 mp.
You feel better.
The wight hits you from afar with a +0 trident.
* * * LOW HITPOINT WARNING * * *
You feel drained.
You regained 5 hp, and now have 13/68 hp.
Casting: Sandblast (safe; 1% risk of failure)
Confirm with . or Enter, or press ? or * to list all spells.
Aiming: Sandblast (safe; 1% risk of failure)
Press: ? - help, Shift-Dir - straight line, f/p - wight
Aim: a wight, wielding a +0 trident and wearing a +0 robe (lightly damaged)
The blast of sand hits the wight!
You destroy the wight!
Makhleb accepts your kill.
Your base Spellcasting skill increases to level 3!
b - 92 stones You now have 0/13 mp.
Maggie the Vainglorious comes into view.
She is wielding a +0 scimitar.
Maggie shouts!
Maggie moves out of view.
Maggie casts a spell at you. The bolt of fire hits you!
* * * LOW HITPOINT WARNING * * *
You take 8 damage, and have 5/68 hp.
Evoke which item? (* to show all) (? for menu, Esc to quit)
Aiming: Paralyse
Press: ? - help, Shift-Dir - straight line, f - crocodile
Aim: a crocodile (chance to defeat MR: 46%)
The crocodile resists with some effort.
Evoke which item? (* to show all) (? for menu, Esc to quit)
Aiming: Paralyse
Press: ? - help, Shift-Dir - straight line, f/p - crocodile
Aim: a crocodile (chance to defeat MR: 46%)
The crocodile resists with some effort.
The crocodile closely misses you.
Evoke which item? (* to show all) (? for menu, Esc to quit)
Aiming: Paralyse
Press: ? - help, Shift-Dir - straight line, f/p - crocodile
Aim: a crocodile (chance to defeat MR: 46%)
The crocodile resists with some effort.
The crocodile bites you!
You die...

.##.# , .##.# * *
†##.# * , .##.# **
** * .##.### *#,
*###* **
......###### ##.*
... .##........#
#.# ** ....
###.....##.# #.#
..... , * *
....###.# * #@##
#.... ##### #.# *
##t###..@..,,, ,
#.#* # ##@..#
#.##.# ##.##,*
#....########.##.#
*
#.####...........#
, #†#
#.#.........# ,
#)# #.#.####.#.##
#)# #.#.# #.#.# *,


You could see Maggie and a crocodile.

Vanquished Creatures
  Pikel (D:4)
  Grinder (D:3)
  A hippogriff (D:6)
  Sigmund (D:3)
  Eustachio (D:4)
  An ice beast (D:6)
  2 centaurs (D:5)
  A bullfrog (D:6)
  A scorpion (D:4)
  4 wights (D:7)
  4 quasits (D:6)
  A jelly (D:5)
  A gnoll shaman (D:7)
  A hound (D:5)
  2 bullfrog skeletons
  2 orc priests (D:5)
  Jessica (D:3)
  2 iguanas
  Natasha (D:3)
  5 orc wizards
  3 worker ants (D:4)
  A hound skeleton (D:5)
  A howler monkey zombie (D:5)
  5 gnolls (D:7)
  4 adders
  A shadow imp (D:5)
  3 white imps (D:5)
  3 ufetubi
  An adder zombie (D:5)
  3 adder skeletons
  A worm (D:2)
  A dart slug (D:1)
  3 leopard geckos
  11 orcs
  A ball python (D:1)
  7 bats
  4 giant cockroaches
  7 goblins
  2 hobgoblins
  5 jackals
  7 kobolds
  2 quokkas
  4 frilled lizards
  A leopard gecko skeleton (D:7)
  A quokka zombie (D:5)
  6 rats
  A spectral orc (D:2)
123 creatures vanquished.

Notes
Turn   | Place    | Note
-------+----------+-------------------------------------------
     0 | D:1      | Irenicus the Deep Dwarf Earth Elementalist began the quest
                  | for the Orb.
     0 | D:1      | Reached XP level 1. HP: 15/15 MP: 3/3
   263 | D:1      | Reached XP level 2. HP: 22/22 MP: 1/4
   325 | D:1      | Reached skill level 5 in Earth Magic
   512 | D:2      | Learned a level 2 spell: Passwall
   700 | D:2      | Reached XP level 3. HP: 11/28 MP: 0/5
   904 | D:2      | Reached skill level 6 in Earth Magic
  1066 | D:2      | Found a basalt altar of Yredelemnul.
  1126 | D:3      | Noticed Sigmund
  1159 | D:3      | Killed Sigmund
  1159 | D:3      | Reached skill level 8 in Earth Magic
  1159 | D:3      | Reached XP level 4. HP: 18/36 MP: 0/6
  1159 | D:3      | Reached XP level 5. HP: 21/42 MP: 0/7
  1281 | D:3      | Noticed Grinder
  1284 | D:3      | Paralysed by Grinder for 4 turns
  1304 | D:3      | Killed Grinder
  1304 | D:3      | Reached skill level 9 in Earth Magic
  1304 | D:3      | Reached XP level 6. HP: 43/49 MP: 5/8
  1318 | D:3      | Found a hide-covered altar of Uskayaw.
  1518 | D:3      | Noticed Jessica
  1519 | D:3      | Noticed Natasha
  1520 | D:3      | Killed Natasha
  1520 | D:3      | Reached skill level 10 in Earth Magic
  1523 | D:3      | Killed Jessica
  1831 | D:4      | Found an opulent altar of Gozag.
  1831 | D:4      | Found a glowing silver altar of Zin.
  1857 | D:4      | Reached XP level 7. HP: 48/55 MP: 5/9
  2080 | D:4      | Found a shimmering altar of Xom.
  2080 | D:4      | Found a shimmering altar of Xom.
  2080 | D:4      | Found a shimmering altar of Xom.
  2081 | D:4      | Noticed Pikel
  2088 | D:4      | Killed Pikel
  2088 | D:4      | Reached skill level 12 in Earth Magic
  2088 | D:4      | Reached XP level 8. HP: 36/62 MP: 5/10
  2161 | D:4      | Noticed Eustachio
  2171 | D:4      | Killed Eustachio
  2171 | D:4      | Reached skill level 13 in Earth Magic
  2204 | D:5      | Entered Level 5 of the Dungeon
  2212 | D:5      | HP: 10/62 [centaur/arrow (6)]
  2279 | D:5      | Found a glowing golden altar of the Shining One.
  2376 | D:5      | Found a white marble altar of Elyvilon.
  2467 | D:5      | Reached skill level 14 in Earth Magic
  2478 | D:5      | HP: 11/62 [centaur/arrow (5)]
  2623 | D:6      | HP: 13/93 [ice beast (3)]
  2735 | D:6      | Noticed a hippogriff
  2740 | D:6      | HP: 5/62 [hippogriff (4)]
  2741 | D:6      | Killed a hippogriff
  2741 | D:6      | Reached skill level 15 in Earth Magic
  2741 | D:6      | Gained mutation: You passively map the area around you.
                  | [Deep Dwarf growth]
  2741 | D:6      | Reached XP level 9. HP: 5/68 MP: 6/11
  2750 | D:6      | Found a transporter.
  2753 | D:6      | Noticed Arnot's ghost (novice GrFi)
  2761 | D:6      | Found a transporter.
  2781 | D:6      | Got the ring of Xuwofal {Dex+6}
  2784 | D:6      | Identified the ring of Xuwofal {Str+3 Dex+6} (You found it
                  | on level 6 of the Dungeon)
  2830 | D:6      | HP: 16/68 [orc wizard/puff of flame (8)]
  2831 | D:6      | Found a staircase to the Ecumenical Temple.
  2849 | Temple   | Entered the Ecumenical Temple
  2856 | Temple   | Became a worshipper of Makhleb the Destroyer
  2965 | D:6      | Found a sparkling altar of Nemelex Xobeh.
  3150 | D:7      | Reached skill level 2 in Spellcasting
  3152 | D:7      | HP: 14/68 [gnoll/+0 spear (2)]
  3157 | D:7      | HP: 8/68 [wight/+2 flail (6)]
  3299 | D:7      | HP: 13/68 [wight/+0 trident (4)]
  3302 | D:7      | Reached skill level 3 in Spellcasting
  3313 | D:7      | Noticed Maggie
  3314 | D:7      | HP: 5/68 [Maggie/bolt of fire (8)]
  3319 | D:7      | Slain by a crocodile

Illustrated notes

Levels and vault maps discovered:
D:1:      dpeg_arrival_shelter, layout_loops_ring,
          chequers_serial_rivers_micro_a, minmay_bisected
D:2:      wad_crossroads, layout_loops_ring, yredelemnul_forgotten_temple_becter
D:3:      layout_basic, eat_drink_and_be_merry_uskayaw, uniq_natasha,
          uniq_jessica, uniq_sigmund, uniq_grinder
D:4:      layout_loops_ring, grunt_temple_overflow_gold_and_silver,
          xom_redecorated, uniq_pikel, uniq_eustachio
D:5:      layout_basic, nicolae_tso_swordbearing_angel, minmay_misc_feat_rugged,
          elyvilon_altar_5
D:6:      layout_cave_pools, nicolae_overflow_hidden_temple,
          minmay_temple_entry_large_hall, gammafunk_ghost_stat_death,
          chequers_serial_rivers_micro_b, patterned_corridor
D:7:      layout_loops_ring, basic_altar, serial_shops, shop, uniq_maggie,
          uniq_harold
Temple:   compressed_dpeg_circular_temple

Skill      XL: |  1  2  3  4  5  6  7  8  9 |
---------------+----------------------------+-----
Earth Magic    | 5 8 9 10 12 15 | 15.4
Spellcasting   | 3 |  3.1
Dodging        | |  2.1
Stealth        | |  2.4
Transmutations | |  0.8

Action                   |  1- 3 |  4- 6 |  7- 9 || total
-------------------------+-------+-------+-------++-------
Melee: Club              |    45 |       |       ||    45
       Staff             |       |     1 |    11 ||    12
 Cast: Sandblast         |    54 |    26 |   125 ||   205
       Passwall          |     5 |     6 |     7 ||    18
 Abil: Heal Wounds       |       |       |     1 ||     1
Evoke: Wand              |       |       |     4 ||     4
  Use: Scroll            |     2 |     4 |     6 ||    12
       Potion            |     1 |     1 |     3 ||     5
Armor: Ring mail         |    44 |     4 |    66 ||   114
       Skin              |       |       |     2 ||     2
Dodge: Dodged            |    56 |     7 |    83 ||   146

Table legend: (Time is in decaauts)
 A = Elapsed time spent in this place.
 B = Non-inter-level travel time spent in this place.
 C = Inter-level travel time spent in this place.
 D = Time resting spent in this place.
 E = Time spent auto-exploring this place.
 F = Levels seen in this place.
 G = Mean time per level.
                   A        B        C        D        E       F      G
               +--------+--------+--------+--------+--------+-----+--------+
         Total |   3333 |   3279 |     54 |      9 |     15 |   8 |  416.6 |
       Dungeon |   3318 |   3264 |     54 |      9 |     15 |   7 |  474.0 |
        Temple |     14 |     14 |      0 |      0 |      0 |   1 |   14.0 |
               +--------+--------+--------+--------+--------+-----+--------+

Top non-repeatable levels by time:
     D:2: 596 daAuts
     D:3: 583 daAuts
     D:4: 536 daAuts
     D:1: 503 daAuts
     D:6: 460 daAuts
     D:5: 412 daAuts
     D:7: 226 daAuts
  Temple: 14 daAuts

Table legend:
 A = Kills in this place as a percentage of kills in entire the game.
 B = Kills by you in this place as a percentage of kills by you in the entire game.
 C = Kills by friends in this place as a percentage of kills by friends in the entire game.
 D = Other kills in this place as a percentage of other kills in the entire game.
 E = Experience gained in this place as a percentage of experience gained in the entire game.
 F = Experience gained in this place divided by the number of levels of this place that you have seen.
                   A       B       C       D       E      F
               +-------+-------+-------+-------+-------+----------------------
         Total | 100.0 | 100.0 |   N/A |   N/A | 100.0 | 456.9
       Dungeon | 100.0 | 100.0 |   N/A |   N/A | 100.0 | 522.1
               +-------+-------+-------+-------+-------+----------------------
